[Event "Early-Titled-Tuesday-Blitz-January-23-2024"]
[Site "Chess.com"]
[Date "2024.01.23"]
[Round "7"]
[White "masnyszachistaaa"]
[Black "Me_ch_an"]
[Result "1-0"]
[WhiteElo "2530"]
[BlackElo "2312"]
[TimeControl "180+1"]
[EndTime "9:16:55 PST"]
[Termination "masnyszachistaaa won on time"]

1. c4 e5 2. Nc3 Nc6 3. Nf3 g6 4. d4 Bg7 5. dxe5 Nxe5 6. Nxe5 Bxe5 7. g3 d6 8. Bg2 Ne7 9. O-O O-O 10. Bg5 c6 11. Qd2 Be6 12. b3 Qc7 13. Rac1 Rad8 14. Rfd1 Rd7 15. Ne4 f5 16. Nc3 Rfd8 17. Nd5 Bxd5 18.
cxd5 c5 19. e4 Rf8 20. Bxe7 Rxe7 21. exf5 Rxf5 22. Bh3 Rf8 23. Be6+ Kh8 24. f4 Bd4+ 25. Kg2 Bg7 26. Re1 b5 27. Qd3 a6 28. Re2 Rfe8 29. h4 Qb7 30. Qf3 Rc7 31. h5 c4 32.
bxc4 Rxc4 33. Rh1 Rc3 34. Qg4 gxh5 35. Qxh5 1-0

[Event "Early-Titled-Tuesday-Blitz-January-23-2024"]
[Site "Chess.com"]
[Date "2024.01.23"]
[Round "7"]
[White "ljuks68"]
[Black "ferdipy"]
[Result "1-0"]
[WhiteElo "2463"]
[BlackElo "2290"]
[TimeControl "180+1"]
[EndTime "9:16:59 PST"]
[Termination "ljuks68 won on time"]

1. e4 c5 2. Nf3 d6 3. d4 cxd4 4.
Nxd4 Nf6 5. Nc3 a6 6. Bg5 e6 7. f4 Be7 8. Qf3 Qc7 9. O-O-O Nbd7 10. g4 h6 11. Bxf6 Bxf6 12. h4 Nb6 13. g5 Bxd4 14. Rxd4 Qc5 15. Qd3 hxg5 16. Rxd6 Ke7 17. e5 gxh4 18.
Bg2 g5 19. Ne4 Qa5 20. Nxg5 Bd7 21. Qd4 Bc6 22. Bxc6 bxc6 23. b4 Qa3+ 24. Kd2 Nd5 25. c3 Qb2+ 26. Kd3 1-0

[Event "Early-Titled-Tuesday-Blitz-January-23-2024"]
[Site "Chess.com"]
[Date "2024.01.23"]
[Round "7"]
[White "AsselLesbekova"]
[Black "stratacticos"]
[Result "1-0"]
[WhiteElo "2286"]
[BlackElo "2022"]
[TimeControl "180+1"]
[EndTime "9:16:59 PST"]
[Termination "AsselLesbekova won on time"]

1. e4 c5 2. Nf3 Nc6 3. Bb5 Na5 4. O-O a6 5. Be2 Nc6 6. d4 cxd4 7. Nxd4 e5 8. Nf5 d5 9. exd5 Bxf5 10. dxc6 Qxd1 11.
Rxd1 bxc6 12. Bf3 e4 13. Be2 Nf6 14. Nc3 Bb4 15. Bd2 O-O 16. Nxe4 Be7 17. Nxf6+ Bxf6 18.
c3 Rfe8 19. Be3 Rab8 20. Rd2 a5 21. g4 Be6 22. g5 Be5 23. a3 f6 24. f4 Bc7 25.
gxf6 gxf6 26. Kf2 Red8 27. Rg1+ Kh8 28. Bd4 Rxd4 29. cxd4 Bxf4 30. Rc2 Bxh2 31. Rh1 Bf4 32.
Bf3 Bd5 33. Bxd5 cxd5 34. Kf3 Bg5 35. Rc7 h6 36. Rb1 f5 37. b4 axb4 38. axb4 Ra8 39. Rb3 Re8 40. b5 Re4 41. b6 Rxd4 42. b7 Rf4+ 43. Kg3 Rg4+ 44. Kf2 Bh4+ 45. Kf1 Rf4+ 46. Kg2 Rg4+ 47. Kh3 1-0

[Event "Early-Titled-Tuesday-Blitz-January-23-2024"]
[Site "Chess.com"]
[Date "2024.01.23"]
[Round "7"]
[White "maurovargas01"]
[Black "flomarechot"]
[Result "0-1"]
[WhiteElo "1849"]
[BlackElo "2275"]
[TimeControl "180+1"]
[EndTime "9:16:59 PST"]
[Termination "flomarechot won on time"]

1. e4 d6 2. Nc3 Nf6 3. Bb5+ c6 4.
Ba4 e5 5. Bb3 Be7 6. d3 O-O 7.
h3 Na6 8. f4 Nc5 9. Bc4 exf4 10.
Bxf4 d5 11. exd5 cxd5 12. Bb5 a6 13. Ba4 Nxa4 14. Nxa4 Qa5+ 15. Nc3 d4 16. Bd2 dxc3 17. Bxc3 Bb4 18. Qd2 Bxc3 19. bxc3 Re8+ 20. Ne2 Qe5 21. d4 Qe4 22. O-O Qxe2 23. Qg5 Qe3+ 24. Qxe3 Rxe3 25.
g4 h6 26. Rab1 b5 27. Rb3 Be6 28. Ra3 Nd5 29. Rb1 Rxc3 30. Ra5 Rxc2 31. Rbxb5 axb5 32. Rxa8+ Kh7 33. Rb8 b4 34. Rb5 Rxa2 35. h4 g5 36. hxg5 hxg5 37. Kf1 Rb2 38. Kg1 b3 39. Kf1 Kg6 40.
Ke1 Ne3 0-1

[Event "Early-Titled-Tuesday-Blitz-January-23-2024"]
[Site "Chess.com"]
[Date "2024.01.23"]
[Round "7"]
[White "LevonAronian"]
[Black "frederiksvane"]
[Result "0-1"]
[WhiteElo "3101"]
[BlackElo "2960"]
[TimeControl "180+1"]
[EndTime "9:17:03 PST"]
[Termination "frederiksvane won by resignation"]

1. e4 e5 2. Bc4 Nf6 3. d3 Bc5 4.
Nf3 Nc6 5. O-O O-O 6. Re1 d6 7. c3 a5 8. Nbd2 Be6 9. Bb3 Bxb3 10. Nxb3 Bb6 11. Bg5 h6 12. Bh4 Qe7 13. d4 a4 14.
Nbd2 exd4 15. Nc4 dxc3 16. Nxb6 cxb6 17. bxc3 Rfe8 18. Nd4 Qe5 19. Bxf6 Qxf6 20. Nb5 Re5 21. Rb1 Qe7 22. h3 Rxe4 23. Rxe4 Qxe4 24. Nxd6 Qe6 25. Qd2 Rd8 26. Rd1 Ne7 27. g4 Nc8 0-1

[Event "Early-Titled-Tuesday-Blitz-January-23-2024"]
[Site "Chess.com"]
[Date "2024.01.23"]
[Round "7"]
[White "jcibarra"]
[Black "Oleksandr_Bortnyk"]
[Result "0-1"]
[WhiteElo "2837"]
[BlackElo "3076"]
[TimeControl "180+1"]
[EndTime "9:17:06 PST"]
[Termination "Oleksandr_Bortnyk won by resignation"]

1. e4 Nf6 2. e5 Nd5 3. d4 d6 4.
c4 Nb6 5. exd6 exd6 6. Nc3 Be7 7.
h3 O-O 8. Nf3 Nc6 9. d5 Ne5 10.
Nxe5 dxe5 11. Be2 Bf5 12. O-O Bg6 13. Be3 Nd7 14. a3 a5 15. Bd3 f5 16. f4 e4 17. Be2 b6 18. Qd2 Bc5 19. Bd1 Be8 20. Ba4 Bxe3+ 21. Qxe3 Nc5 22. Bc2 a4 23. Rad1 Bd7 24.
Rd2 Qh4 25. Kh2 h6 26. Qd4 Qf6 27. Qxf6 Rxf6 28. Nd1 Kf7 29. Ne3 Ke7 30. g4 fxg4 31.
hxg4 Raf8 32. Kg3 Kd6 33. Rd4 g5 34. f5 h5 35. gxh5 Bxf5 36. Rd2 Bh7 37. Rxf6+ Rxf6 38. Rf2 Rxf2 39. Kxf2 Ke5 40. Ng4+ Kf4 41. Nf6 e3+ 42. Kg1 Bxc2 43. h6 Kf3 44. h7 Bxh7 45.
Nxh7 e2 0-1

[Event "Early-Titled-Tuesday-Blitz-January-23-2024"]
[Site "Chess.com"]
[Date "2024.01.23"]
[Round "7"]
[White "DvaHrasta"]
[Black "ahkashefi2800"]
[Result "1-0"]
[WhiteElo "2440"]
[BlackElo "2552"]
[TimeControl "180+1"]
[EndTime "9:17:06 PST"]
[Termination "DvaHrasta won by resignation"]

1. c4 c6 2. e4 d5 3. exd5 cxd5 4. cxd5 Nf6 5. Qa4+ Nbd7 6. Bc4 g6 7. d3 Bg7 8. Nc3 O-O 9. Nf3 Nc5 10. Qa3 b6 11.
O-O Bb7 12. b4 Ncd7 13. Bg5 a6 14. Rfe1 b5 15. Bb3 Nb6 16. Rad1 Rc8 17. Ne4 Bxd5 18. Qxa6 Bxb3 19. axb3 Nbd5 20. Qxb5 Rb8 21. Qc5 Rxb4 22. Ne5 Rxb3 23. Nc6 Qd7 24. Nxf6+ exf6 25. Bc1 Rc8 26. Qxd5 Qxd5 27. Ne7+ Kf8 28. Nxd5 f5 29. Bg5 h6 30.
Be7+ Kg8 31. Bf6 Bf8 32. Ne7+ Bxe7 33. Bxe7 Kg7 34. d4 Rc2 35. d5 Rbb2 36. Rf1 g5 37. d6 Rd2 38. d7 1-0

[Event "Early-Titled-Tuesday-Blitz-January-23-2024"]
[Site "Chess.com"]
[Date "2024.01.23"]
[Round "7"]
[White "norwaytoadog"]
[Black "ilushka"]
[Result "0-1"]
[WhiteElo "2287"]
[BlackElo "2454"]
[TimeControl "180+1"]
[EndTime "9:17:08 PST"]
[Termination "ilushka won on time"]

1. e4 e5 2. Nf3 Nc6 3. Bb5 Nf6 4. d3 Bc5 5. Bxc6 dxc6 6. Nbd2 Bd6 7. Qe2 O-O 8. h4 Bg4 9. Nf1 Nd7 10. Ne3 Bxf3 11.
Qxf3 Nc5 12. h5 Ne6 13. Nf5 Nd4 14. Nxd4 exd4 15. Bd2 Qe7 16. g4 Qe6 17. Qf5 Rae8 18. b3 c5 19. O-O-O b5 20. f4 c4 21. Qxe6 fxe6 22.
f5 c3 23. Bg5 h6 24. Bh4 a5 25. Rdf1 a4 26. Kd1 axb3 27. axb3 exf5 28. gxf5 Ra8 29. f6 Ra1+ 30. Ke2 Ra2 31. Kd1 gxf6 32. Rhg1+ Kh7 33. Bxf6 Rxf6 34. Rxf6 Ra1+ 35. Ke2 Rxg1 36.
Rf5 Rc1 37. e5 Rxc2+ 38. Kf3 Ba3 39. e6 Rd2 40. Ke4 c2 41. Rf7+ Kg8 0-1

[Event "Early-Titled-Tuesday-Blitz-January-23-2024"]
[Site "Chess.com"]
[Date "2024.01.23"]
[Round "7"]
[White "suspiciumchess"]
[Black "ViIIagra"]
[Result "0-1"]
[WhiteElo "2441"]
[BlackElo "2975"]
[TimeControl "180+1"]
[EndTime "9:17:09 PST"]
[Termination "ViIIagra won by resignation"]

1. d4 d6 2. Nf3 g6 3. g3 b6 4. Bg2 Bb7 5. O-O Bg7 6. c4 e6 7.
Nc3 Nd7 8. Bg5 Ngf6 9. Re1 h6 10. Bd2 Ne4 11. Nxe4 Bxe4 12. Bc3 O-O 13. Rc1 a5 14. d5 Bxf3 15. Bxf3 Bxc3 16. Rxc3 e5 17. Bg2 f5 18.
f4 Qf6 19. e3 Rfe8 20. Qa4 Nc5 21. Qc6 Rac8 22. Bf3 Re7 23. Rc2 Rce8 24. fxe5 Qxe5 25. Rd2 Kg7 26. Kf2 Rf8 27. a3 h5 28. b4 axb4 29.
axb4 Ne4+ 30. Bxe4 fxe4+ 31. Kg1 Qc3 32. Ree2 Qc1+ 0-1

[Event "Early-Titled-Tuesday-Blitz-January-23-2024"]
[Site "Chess.com"]
[Date "2024.01.23"]
[Round "7"]
[White "Licancabur"]
[Black "arnash_bauyrzhan"]
[Result "1-0"]
[WhiteElo "2459"]
[BlackElo "2195"]
[TimeControl "180+1"]
[EndTime "9:17:09 PST"]
[Termination "Licancabur won by resignation"]

1. Nf3 Nf6 2. d4 d5 3. c4 e6 4. Nc3 Be7 5. cxd5 exd5 6. Qc2 c6 7. Bf4 g6 8. Bh6 Bf5 9. Qc1 Nbd7 10. h3 Bf8 11. Ne5 Bxh6 12. Qxh6 Qe7 13. Nxd7 Bxd7 14. e3 O-O-O 15. Qf4 Ne4 16. Bd3 g5 17. Qh2 f5 18.
Bxe4 fxe4 19. Rc1 Be6 20. O-O Qc7 21. b4 Qxh2+ 22. Kxh2 g4 23. h4 Rhf8 24. Kg3 Rf5 25. Rc2 Kd7 26. Rfc1 a6 27. Na4 Rdf8 28. Nc5+ Ke7 29.
Nxb7 Rb8 30. Na5 Rxb4 31. Nxc6+ 1-0

[Event "Early-Titled-Tuesday-Blitz-January-23-2024"]
[Site "Chess.com"]
[Date "2024.01.23"]
[Round "7"]
[White "Ural_bogatyr"]
[Black "Laico"]
[Result "1-0"]
[WhiteElo "2534"]
[BlackElo "2350"]
[TimeControl "180+1"]
[EndTime "9:17:11 PST"]
[Termination "Ural_bogatyr won by checkmate"]

1. d4 e6 2. e4 d5 3. Nc3 Nf6 4. Bg5 Be7 5. e5 Nfd7 6. Bxe7 Qxe7 7. f4 O-O 8. Nf3 c5 9. Bd3 f6 10. O-O cxd4 11. Nb5 Nc6 12. Re1 fxe5 13. fxe5 a6 14. Nbxd4 Ndxe5 15. Rxe5 Nxe5 16. Nxe5 Qg5 17. Qe2 b5 18.
Re1 Ra7 19. c3 Rc7 20. Bb1 g6 21. a3 Re7 22. h3 Qg3 23. Qe3 Qh4 24. Ndf3 Qh5 25.
Ng4 e5 26. Ngxe5 Bxh3 27. Ba2 Be6 28. Ng5 Bf5 29. Bxd5+ Kg7 30. Ngf3 Rfe8 31. Qd4 Kh6 32. Nf7+ Rxf7 33. Rxe8 Rd7 34. Qf4+ Kg7 35. Rg8+ Kf6 36.
Qe5# 1-0

[Event "Early-Titled-Tuesday-Blitz-January-23-2024"]
[Site "Chess.com"]
[Date "2024.01.23"]
[Round "7"]
[White "hawes33"]
[Black "Egorov_Pavel"]
[Result "1/2-1/2"]
[WhiteElo "2309"]
[BlackElo "2484"]
[TimeControl "180+1"]
[EndTime "9:17:11 PST"]
[Termination "Game drawn by repetition"]

1. e4 c5 2. Nc3 Nc6 3. g3 h5 4. d3 h4 5. gxh4 e6 6. Bg5 Be7 7. Qd2 Nd4 8. Bg2 Bxg5 9. hxg5 Ne7 10. h4 Nec6 11. f4 Nb4 12. Rc1 d6 13. a3 Nbc6 14. Nf3 Nxf3+ 15. Bxf3 Nd4 16. Bg2 g6 17. Qf2 e5 18. Nd5 Qa5+ 19. c3 Be6 20. Nf6+ Ke7 21. O-O Nb3 22. Rcd1 b5 23. fxe5 dxe5 24. Nd5+ Kd7 25.
Qf6 Qd8 26. Qxe5 Rxh4 27. d4 cxd4 28. cxd4 Rc8 29. Nf6+ Ke7 30. d5 Qb6+ 31. Rf2 Rc2 32. d6+ Kf8 33. Nd7+ Bxd7 34. Qe7+ Kg8 35. Qxf7+ Kh8 36.
Qf8+ Kh7 37. Qf7+ Kh8 38. Qf8+ Kh7 39. Qf7+ Kh8 1/2-1/2

[Event "Early-Titled-Tuesday-Blitz-January-23-2024"]
[Site "Chess.com"]
[Date "2024.01.23"]
[Round "7"]
[White "vladislavkovalev"]
[Black "mac0504"]
[Result "1-0"]
[WhiteElo "2862"]
[BlackElo "2593"]
[TimeControl "180+1"]
[EndTime "9:17:12 PST"]
[Termination "vladislavkovalev won by resignation"]

1. e4 Nc6 2. Nf3 d6 3. d4 Nf6 4.
Nc3 g6 5. Be2 Bg7 6. O-O O-O 7.
h3 e5 8. Be3 exd4 9. Nxd4 Bd7 10. f4 Nxd4 11. Bxd4 Bc6 12. Bf3 Re8 13. Qd3 Nd7 14.
Rae1 Nc5 15. Bxc5 dxc5 16. Qxd8 Raxd8 17. e5 Bxf3 18. Rxf3 Rd2 19. Rf2 Red8 20. Rxd2 Rxd2 21. Re2 Rd4 22. Ne4 b6 23. Kf2 Kf8 24. Ke3 Ke7 25.
Rd2 Rxd2 26. Kxd2 f6 27. exf6+ Bxf6 28. Nxf6 Kxf6 29. Ke3 c6 30. Ke4 a5 31. c4 a4 32. g4 Ke6 33. f5+ gxf5+ 34. gxf5+ Kd6 35. Kf4 b5 36. b3 axb3 37. axb3 h6 38. Ke4 Ke7 39. Ke5 bxc4 40. bxc4 Kf7 41. f6 Kf8 42. Kf5 Kf7 43. h4 h5 44. Kg5 Ke6 45. Kg6 1-0

[Event "Early-Titled-Tuesday-Blitz-January-23-2024"]
[Site "Chess.com"]
[Date "2024.01.23"]
[Round "7"]
[White "Byniolus"]
[Black "wadsy27"]
[Result "1/2-1/2"]
[WhiteElo "2852"]
[BlackElo "2655"]
[TimeControl "180+1"]
[EndTime "9:17:12 PST"]
[Termination "Game drawn by agreement"]

1. d4 Nf6 2. Nf3 c5 3. c3 cxd4 4. cxd4 d5 5. Nc3 Nc6 6. Bf4 a6 7. e3 Bg4 8. Bd3 e6 9. Qb3 Bxf3 10. gxf3 Nh5 11. Qxb7 Na5 12. Qc7 Nxf4 13. Qxf4 Bd6 14.
Qg4 g6 15. f4 Rb8 16. Rb1 Nc6 17. O-O Qa5 18. Qe2 Nb4 19. a3 Nxd3 20. Qxd3 O-O 21.
Qc2 Rfc8 22. Rfc1 Bxa3 23. Qa4 Qxa4 24. Nxa4 Rxc1+ 25. Rxc1 Bxb2 26. Rb1 Rb4 27. Nxb2 a5 28. Kg2 a4 29. Ra1 Rxb2 30. Rxa4 h5 31. h4 Kg7 32. Ra7 Kf6 33. Rc7 1/2-1/2

[Event "Early-Titled-Tuesday-Blitz-January-23-2024"]
[Site "Chess.com"]
[Date "2024.01.23"]
[Round "7"]
[White "GothamChess"]
[Black "Airquake"]
[Result "1-0"]
[WhiteElo "2755"]
[BlackElo "2544"]
[TimeControl "180+1"]
[EndTime "9:17:12 PST"]
[Termination "GothamChess won by resignation"]

1. e4 c5 2. Nc3 g6 3. d4 Bg7 4. Be3 cxd4 5. Bxd4 Bxd4 6. Qxd4 Nf6 7. Bb5 Nc6 8. Bxc6 dxc6 9. Qxd8+ Kxd8 10. O-O-O+ Kc7 11. Nf3 Bg4 12. Rd3 Nd7 13. Ng5 h6 14. Nh3 Ne5 15.
Rg3 Bxh3 16. Rxh3 Rad8 17. f4 Ng4 18. Rf3 h5 19. h3 Nf6 20. e5 Nd5 21. Ne4 e6 22. Nd6 Rdf8 23. c4 Ne7 24. Rb3 b6 25. Ra3 Kb8 26. Rd1 Rh7 27. Ne4 Nc8 28. Nf6 Rhh8 29.
Rd7 Rd8 30. Rxf7 Rd3 31. Rxd3 1-0

[Event "Early-Titled-Tuesday-Blitz-January-23-2024"]
[Site "Chess.com"]
[Date "2024.01.23"]
[Round "7"]
[White "eljanov"]
[Black "wonderfultime"]
[Result "1-0"]
[WhiteElo "2894"]
[BlackElo "3037"]
[TimeControl "180+1"]
[EndTime "9:17:15 PST"]
[Termination "eljanov won by resignation"]

1. d4 d5 2. Bf4 Nf6 3. e3 c5 4. Nf3 Qb6 5. Nc3 Bd7 6. a4 cxd4 7.
Nb5 Na6 8. exd4 g6 9. h3 Bg7 10. c3 O-O 11. Bd3 Ne4 12. O-O Bxb5 13. axb5 Nc7 14.
Qe2 Nd6 15. Qxe7 Ncxb5 16. Rfe1 a6 17. Qg5 Nc7 18. Qg3 Rad8 19. Bg5 f6 20. Bf4 Nce8 21. Re2 Ne4 22. Qh2 N8d6 23. Rae1 Nf5 24. Bc7 Qc6 25.
Bxd8 Rxd8 26. Bxe4 dxe4 27. Rxe4 Bf8 28. Qf4 Bd6 29.
Qd2 Kf7 30. Qe2 Qd7 31. g4 Ng7 32. c4 h5 33. c5 Bb8 34. Re7+ 1-0

[Event "Early-Titled-Tuesday-Blitz-January-23-2024"]
[Site "Chess.com"]
[Date "2024.01.23"]
[Round "7"]
[White "stollenmonster"]
[Black "Mikhail_Golubev"]
[Result "1-0"]
[WhiteElo "2896"]
[BlackElo "2507"]
[TimeControl "180+1"]
[EndTime "9:17:16 PST"]
[Termination "stollenmonster won on time"]

1. e4 c5 2. g3 d5 3. Bg2 dxe4 4. Bxe4 Nf6 5. Bg2 g6 6. Ne2 Bg7 7. Nbc3 Nc6 8. O-O O-O 9. d3 Nd4 10. h3 Nd7 11. Be3 Qc7 12. Nd5 Qd6 13. c3 Nxe2+ 14. Qxe2 Nb6 15. Nxb6 axb6 16. a3 Be6 17. Rfd1 Bd5 18.
d4 Bxg2 19. Kxg2 Qd5+ 20. Qf3 Qxf3+ 21. Kxf3 c4 22. d5 b5 23. Bc5 Bf6 24. d6 exd6 25. Rxd6 Be7 26. Rd5 Rfd8 27. Rad1 Rxd5 28. Rxd5 Rd8 29.
Ke4 f5+ 30. Ke5 Re8 31. Bxe7 Rxe7+ 32. Kf6 Rf7+ 33. Ke6 Kg7 34. Rd7 Rxd7 35. Kxd7 f4 36. Kc7 Kf6 37. Kxb7 f3 38. Kc6 Ke5 39. Kxb5 Ke4 40. a4 Kd3 41. a5 Ke2 42. a6 Kxf2 43. a7 Kg1 44. a8=Q f2 45. Qf3 f1=Q 46. Qxf1+ Kxf1 47. Kxc4 Kg2 48. b4 1-0

[Event "Early-Titled-Tuesday-Blitz-January-23-2024"]
[Site "Chess.com"]
[Date "2024.01.23"]
[Round "7"]
[White "Chessdreamer2020"]
[Black "Kopytkin"]
[Result "1-0"]
[WhiteElo "2549"]
[BlackElo "2406"]
[TimeControl "180+1"]
[EndTime "9:17:16 PST"]
[Termination "Chessdreamer2020 won on time"]

1. e4 Nf6 2. Nc3 d5 3. e5 Ne4 4.
Nce2 f6 5. d3 Ng5 6. Bxg5 fxg5 7. h4 g4 8. Nf4 c5 9. Be2 Nc6 10. Bxg4 Nxe5 11. Bxc8 Rxc8 12. Qh5+ Nf7 13. Nxd5 g6 14.
Qf3 Bg7 15. Nc3 O-O 16. Nge2 b5 17. h5 b4 18. Ne4 Bxb2 19. Rb1 Bg7 20. hxg6 hxg6 21.
Qh3 Nh6 22. Qe6+ Kh8 23. Qxg6 Qb6 24. Qg4 c4 25. Nf4 Rxf4 26. Qxf4 Rf8 27. Qe3 Qa5 28. Rxh6+ Bxh6 29. Qxh6+ Kg8 30. Qg5+ Qxg5 31. Nxg5 a5 32. dxc4 Rc8 33. Rd1 Rxc4 34. Rd2 Kg7 35. Nf3 Kf6 36.
Kd1 e5 37. Rd5 Kf5 38. Rxe5+ Kf4 39. Rxa5 b3 40. axb3 Re4 41. Ra4 Rxa4 42. bxa4 Ke4 43. a5 Kd5 44. g4 Kc6 45. g5 1-0

[Event "Early-Titled-Tuesday-Blitz-January-23-2024"]
[Site "Chess.com"]
[Date "2024.01.23"]
[Round "7"]
[White "Predo63"]
[Black "Mihajlovskij"]
[Result "1-0"]
[WhiteElo "2481"]
[BlackElo "2235"]
[TimeControl "180+1"]
[EndTime "9:17:16 PST"]
[Termination "Predo63 won on time"]

1. d4 Nf6 2. Bg5 Ne4 3. Bf4 d5 4. Nd2 Nxd2 5. Qxd2 e6 6. Nf3 Bd6 7. Bg3 c5 8. e3 Nc6 9. c3 cxd4 10. exd4 a6 11. Bd3 Rb8 12. a4 b5 13. axb5 axb5 14. b4 Bxg3 15. hxg3 h6 16. O-O O-O 17. Rfe1 Bd7 18.
Ra3 Qc7 19. Rea1 Rfc8 20. Qe2 Be8 21. Qe3 Nd8 22. Qf4 Qxf4 23. gxf4 Nb7 24. Kf1 Nd6 25. Ke2 Nc4 26. Bxc4 Rxc4 27. Nd2 Rc7 28. Kd3 Rbc8 29. Rc1 f6 30. Nf1 Bg6+ 31. Kd2 e5 32. fxe5 fxe5 33. dxe5 d4 34. f3 dxc3+ 35. Raxc3 Rd8+ 36. Ke3 Rcd7 37.
Rc5 Bd3 38. Ng3 Bc4 39. Ne4 Rd3+ 40. Kf4 Rf8+ 41. Kg3 Re3 42. Nd6 Bd3 43. R1c3 g5 44. Rd5 g4 45. Rdxd3 gxf3 46. Rxe3 f2 47. Rc1 f1=Q 48.
Rxf1 Rxf1 49. e6 1-0

[Event "Early-Titled-Tuesday-Blitz-January-23-2024"]
[Site "Chess.com"]
[Date "2024.01.23"]
[Round "7"]
[White "jcmesafischer"]
[Black "Maxfan2008"]
[Result "0-1"]
[WhiteElo "2341"]
[BlackElo "2533"]
[TimeControl "180+1"]
[EndTime "9:17:17 PST"]
[Termination "Maxfan2008 won by checkmate"]

1. e4 c5 2. Nf3 d6 3. Bb5+ Bd7 4. Bxd7+ Qxd7 5. c4 g6 6. O-O Bg7 7. d4 cxd4 8. Nxd4 Nc6 9. Be3 Nf6 10. f3 O-O 11. Nc3 Rfc8 12. b3 a6 13. Na4 Qd8 14. Qd2 Nd7 15. Rac1 Rab8 16. Rfd1 h5 17. Nxc6 Rxc6 18.
c5 Rbc8 19. cxd6 Rxd6 20. Qe1 Rxc1 21. Rxc1 Ne5 22. Nc5 Qc8 23. b4 Kh7 24. Nxa6 Qa8 25. Nc5 b6 26. f4 Ng4 27. e5 bxc5 28. exd6 Nxe3 29. bxc5 Qxg2# 0-1

[Event "Early-Titled-Tuesday-Blitz-January-23-2024"]
[Site "Chess.com"]
[Date "2024.01.23"]
[Round "7"]
[White "Raud100"]
[Black "C_K_G"]
[Result "1-0"]
[WhiteElo "2387"]
[BlackElo "2113"]
[TimeControl "180+1"]
[EndTime "9:17:17 PST"]
[Termination "Raud100 won by checkmate"]

1. d4 d5 2. c4 e6 3. Nc3 Nf6 4. Bg5 Be7 5. e3 a6 6. a4 O-O 7. Nf3 h6 8. Bh4 b6 9. Bd3 Bb7 10. O-O Nbd7 11. Qe2 c5 12. Rfd1 cxd4 13. exd4 dxc4 14.
Bxc4 Nd5 15. Bg3 N7f6 16. Rac1 Bd6 17. Ne5 Qe7 18. h3 Rfd8 19. Bd3 Nd7 20. Nxd5 Bxd5 21. Bxa6 Nxe5 22. dxe5 Bc5 23. Bb5 Qg5 24. Kh2 h5 25.
f4 Qh6 26. h4 Rac8 27. Bd3 Bb3 28. Bc2 Bd5 29. Be4 Bxe4 30. Qxe4 Be7 31. Rxd8+ Rxd8 32.
Rc7 Kf8 33. Qb7 Re8 34. Qxb6 Bxh4 35. Bxh4 Qxf4+ 36. Bg3 Qg4 37. Qf2 g5 38. Qxf7# 1-0

[Event "Early-Titled-Tuesday-Blitz-January-23-2024"]
[Site "Chess.com"]
[Date "2024.01.23"]
[Round "7"]
[White "BeardedNM"]
[Black "dianamirza"]
[Result "0-1"]
[WhiteElo "2198"]
[BlackElo "1996"]
[TimeControl "180+1"]
[EndTime "9:17:17 PST"]
[Termination "dianamirza won by resignation"]

1. e4 d5 2. exd5 Qxd5 3. Nc3 Qd8 4. d4 Nf6 5. Nf3 Bg4 6. h3 Bxf3 7. Qxf3 c6 8. g4 Qxd4 9. g5 Nd5 10. Bd2 Nd7 11. O-O-O Ne5 12. Qg2 O-O-O 13. h4 Nxc3 14. bxc3 Qa4 15.
Kb1 e6 16. f4 Nc4 17. Bxc4 Qxc4 18. Bc1 Bd6 19. f5 exf5 20. Qf3 Qe4 21. Qh5 g6 22. Qh6 Be5 23. Rhe1 Rxd1 24. Rxe4 fxe4 25. Kb2 b5 26. h5 Rh1 27. Be3 Rxh5 0-1

[Event "Early-Titled-Tuesday-Blitz-January-23-2024"]
[Site "Chess.com"]
[Date "2024.01.23"]
[Round "7"]
[White "KevinGeorgeMicheal"]
[Black "Ginger_GM"]
[Result "0-1"]
[WhiteElo "2367"]
[BlackElo "2688"]
[TimeControl "180+1"]
[EndTime "9:17:18 PST"]
[Termination "Ginger_GM won by checkmate"]

1. e4 g6 2. d4 Bg7 3. Nf3 d6 4. Bc4 e6 5. O-O Ne7 6. Re1 a6 7. a4 b6 8. Bf4 Bb7 9. Qd2 h6 10. h3 Nd7 11. Qe2 g5 12. Bh2 Ng6 13. Nbd2 O-O 14.
c3 Nf6 15. e5 Nd5 16. exd6 cxd6 17. Bxd5 Bxd5 18. Ne4 Nf4 19. Bxf4 gxf4 20. Qd2 f5 21. Nxd6 Qxd6 22. Ne5 Bxe5 23. Rxe5 Qe7 24. Kh2 Qg5 25. Rg1 Kh7 26. Qe2 Rg8 27. f3 Rg7 28. c4 Qg3+ 29. Kh1 Bb7 30. Rxe6 Rag8 31. d5 Bc8 32. Rf6 Bd7 33. Qd2 Bxa4 34. d6 Bc6 35.
Qe2 Bxf3 36. Qe1 Qxh3# 0-1

[Event "Early-Titled-Tuesday-Blitz-January-23-2024"]
[Site "Chess.com"]
[Date "2024.01.23"]
[Round "7"]
[White "YurasovMat-2012"]
[Black "masterofpuppets2"]
[Result "1-0"]
[WhiteElo "2603"]
[BlackElo "2509"]
[TimeControl "180+1"]
[EndTime "9:17:18 PST"]
[Termination "YurasovMat-2012 won by resignation"]

1. e4 c5 2. Nf3 Nc6 3. Bb5 e6 4. O-O Nge7 5. Re1 Ng6 6. c3 d5 7.
exd5 Qxd5 8. d4 cxd4 9. Nxd4 Bd7 10. Na3 Nxd4 11. Bxd7+ Qxd7 12. cxd4 Be7 13. Qb3 O-O 14. Be3 Nh4 15. Rac1 Rac8 16. Nc4 Qd5 17. f3 Bg5 18.
Qd3 Bxe3+ 19. Nxe3 Qxa2 20. Rxc8 Rxc8 21. d5 exd5 22. Qd4 Re8 23. Qxh4 Qxb2 24. Nxd5 Qb5 25.
Rxe8+ Qxe8 26. Qg3 Qd8 27. Qe5 h6 28. h3 b5 29. Ne7+ Kf8 30. Nf5 Qb6+ 31. Kh2 f6 1-0

[Event "Early-Titled-Tuesday-Blitz-January-23-2024"]
[Site "Chess.com"]
[Date "2024.01.23"]
[Round "7"]
[White "sergeikim"]
[Black "Saraisitave"]
[Result "1-0"]
[WhiteElo "2514"]
[BlackElo "2322"]
[TimeControl "180+1"]
[EndTime "9:17:18 PST"]
[Termination "sergeikim won on time"]

1. d4 d5 2. c4 Nf6 3. Nc3 c6 4. e3 g6 5. Bd3 Bg7 6. Nf3 O-O 7.
O-O Nbd7 8. Qc2 dxc4 9. Bxc4 b5 10. Bb3 a6 11. e4 Bb7 12. e5 Nd5 13. Nxd5 cxd5 14.
Bf4 Rc8 15. Qd2 e6 16. Bh6 Nb6 17. Bxg7 Kxg7 18. Qf4 a5 19. h4 a4 20. Bd1 f6 21. h5 fxe5 22. Qxe5+ Qf6 23. b3 Qxe5 24. Nxe5 a3 25. Be2 Rf4 26. Rfd1 b4 27. g3 Rf5 28.
Rac1 Rff8 29. Rc5 gxh5 30. Bxh5 Kf6 31. Rb5 Kg5 32. Rxb6 Kxh5 33. Rxb7 Rc2 34. Rxh7+ Kg5 35. Rg7+ Kf6 36. Rh7 Kg5 37. f4+ Kf5 38. Re1 1-0

[Event "Early-Titled-Tuesday-Blitz-January-23-2024"]
[Site "Chess.com"]
[Date "2024.01.23"]
[Round "7"]
[White "djano"]
[Black "BogdanDeac"]
[Result "0-1"]
[WhiteElo "2686"]
[BlackElo "3075"]
[TimeControl "180+1"]
[EndTime "9:17:20 PST"]
[Termination "BogdanDeac won by resignation"]

1. e4 c6 2. d4 d5 3. exd5 cxd5 4. Bd3 Nf6 5. c3 Bg4 6. Qb3 Qc7 7. Ne2 Nc6 8. Bf4 Qd7 9. O-O e6 10. Nd2 Bh5 11. Rfe1 Bg6 12. Nc1 Bd6 13. Bxd6 Qxd6 14. h3 Rb8 15. a4 Bxd3 16. Nxd3 O-O 17. Qa3 Qc7 18. a5 Rfc8 19. Nc5 Re8 20. Re3 g6 21. b4 Rbc8 22. g3 b6 23. axb6 axb6 24. Nd3 Nd7 25.
Qb2 Ne7 26. Nf4 Nf5 27. Rd3 Nf6 28. Rc1 Nd6 29. Ne2 Ra8 30. Kg2 Ra7 31. Qb3 Nc4 32. Nf3 Rea8 33. Rb1 Ne4 34. Qd1 Ra2 35. Kg1 Nb2 36.
Qc2 Nxd3 37. Qxd3 Qc4 38. Qe3 Qxe2 0-1

[Event "Early-Titled-Tuesday-Blitz-January-23-2024"]
[Site "Chess.com"]
[Date "2024.01.23"]
[Round "7"]
[White "inneremptiness"]
[Black "LeRoidesChampions"]
[Result "0-1"]
[WhiteElo "2860"]
[BlackElo "2638"]
[TimeControl "180+1"]
[EndTime "9:17:20 PST"]
[Termination "LeRoidesChampions won on time"]

1. Nf3 Nf6 2. c4 g6 3. Nc3 Bg7 4. e4 O-O 5. d4 d6 6. Be2 e5 7. O-O Nc6 8. d5 Ne7 9. b4 Ne8 10. c5 f5 11. Nd2 Nf6 12. f3 f4 13. Nc4 g5 14. Ba3 h5 15. cxd6 cxd6 16. b5 Ne8 17.
b6 axb6 18. Nb5 Rf6 19. Rc1 Rh6 20. Qb3 g4 21. Qb4 Bf8 22. g3 Ng6 23. Nbxd6 Nxd6 24.
Nxd6 fxg3 25. hxg3 h4 26. Qe1 Bxd6 27. Bxd6 Qxd6 28.
Qd2 Kg7 29. Qg5 Bd7 30. f4 Qa3 31. fxe5 Qxg3+ 32. Kh1 Qxe5 33. Qxe5+ Nxe5 34. Rc7 Rf6 0-1